AoeStats
← Sir Mandelbrot

Arena

510470242Analyzed
1v1 RM · 2d ago on Oct 1, 2026· 44m 19s· 2 players
Game mode
Random Map
Map size
Tiny (2 player)
Population
200
Speed
Normal
Resources
Standard
Victory
Conquest
Starting age
Dark Age
Ending age
Imperial Age
RankedLock teamsTeams togetherTeam positionsShared explorationLock speedFull tech treeHidden civsTurbo modeCheats
Victory
Defeat
🇨🇳 Danes · China
803
+17
🇨🇴 Spanish · Colombia
835
-17
A02
11:17 Feudal Age
12:24 Double-Bit Axe
12:21 Horse Collar
15:43 Castle Age
17:05 Wheelbarrow
19:21 Heavy Plow
21:03 Hand Cart
21:40 Bow Saw
22:27 Stone Mining
25:42 Stone Shaft Mining
25:49 Loom
25:49 Town Watch
28:34 Fletching
28:45 Padded Archer Armor
29:24 Gold Mining
29:05 Hamask
32:21 Imperial Age
31:14 Gold Shaft Mining
30:56 Bodkin Arrow
31:16 Leather Archer Armor
31:28 Ballistics
31:19 Masonry
33:10 Squires
32:55 Gambesons
32:56 Arson
32:39 Elite Skirmisher
33:28 Thumb Ring
33:53 Conscription
34:06 Bracer
34:36 Ring Archer Armor
35:10 Chemistry
33:40 Elite Varangian Guard
34:26 Scale Mail Armor
34:37 Forging
38:03 Chain Mail Armor
38:24 Iron Casting
38:19 Northmen's Fury
38:23 Onager
40:20 Siege Onager
41:39 Hoardings
41:41 Plate Mail Armor
42:11 Blast Furnace
41:27 Siege Engineers
42:34 Town Patrol
Sir Mandelbrot
7:43 Loom
9:28 Feudal Age
16:13 Castle Age
15:12 Double-Bit Axe
15:11 Horse Collar
16:01 Loom
21:09 Wheelbarrow
25:21 Bow Saw
27:12 Hand Cart
26:43 Town Watch
27:08 Padded Archer Armor
33:22 Imperial Age
32:48 Town Patrol
33:12 Ballistics
33:52 Sanctity
33:50 Fervor
35:29 Illumination
35:41 Theocracy
35:25 Block Printing
34:49 Elite Conquistador
35:56 Conscription
35:41 Inquisition
35:46 Gold Mining
35:51 Stone Mining
37:28 Chemistry
36:52 Fletching
38:50 Elite Skirmisher
39:28 Bodkin Arrow
39:49 Leather Archer Armor
41:18 Heavy Mounted Crossbowman
43:41 Two-Man Saw
43:14 Bracer
43:46 Ring Archer Armor
Connection lost

Rejoining the realm…

Still unreachable

The connection could not be restored.

Session expired

The server has moved on; the page needs a fresh start.